 Dungeon Crawl Stone Soup version 0.31-a0-361-g0f8bd3a31e (webtiles) character file.

Game seed: 16136905858422503821

137 BritishOli the Trooper (level 5, -2/42 HPs)
             Began as a Demonspawn Fighter on July 27, 2023.
             Was an Initiate of Makhleb.
             Slain by a gnoll
             ... wielding a +0 flail
              (6 damage)
             ... on level 4 of the Dungeon.
             The game lasted 00:02:13 (2128 turns).

BritishOli the Trooper (Demonspawn Fighter)         Turns: 2128, Time: 00:02:14

Health: -2/42      AC:  8    Str: 18    XL:     5   Next: 0%
Magic:  5/5        EV:  9    Int: 10    God:    Makhleb [......]
Gold:   108        SH:  4    Dex: 12    Spells: 4/4 levels left

rFire   . . .        a - +0 war axe
rCold   . . .        c - +0 buckler
rNeg    . . .        b - +0 scale mail
rPois   .            (no helmet)
rElec   .            (no cloak)
rCorr   .            (no gloves)
SInv    .            (no boots)
Will    .....        (no amulet) Stlth
                     (no ring)
HPRegen 0.27/turn    (no ring)
MPRegen 0.09/turn

%: no passive effects
@: no status effects
A: icy blue scales 1, foul stench 1, condensation shield
a: Renounce Religion


You were on level 4 of the Dungeon.
You worshipped Makhleb.
Makhleb was noncommittal.
You visited 2 branches of the dungeon, and saw 5 of its levels.

You collected 141 gold pieces.
You spent 33 gold pieces at shops.

Inventory:

Hand Weapons
 a - a +0 war axe (weapon)
Armour
 b - a +0 scale mail (worn)
 c - a +0 buckler (worn)
Jewellery
 i - an amulet of faith
 o - a +6 ring of dexterity
Wands
 l - a wand of polymorph (5)
Scrolls
 f - 3 scrolls of blinking {unknown}
 g - a scroll of fog {unknown}
 h - 3 scrolls of teleportation
 k - a scroll of enchant weapon {unknown}
 m - a scroll of identify {unknown}
 p - 2 scrolls of enchant armour {unknown}
Potions
 d - 2 potions of might
 e - a potion of heal wounds {unknown}
 j - 3 potions of attraction {unknown}
 n - a potion of degeneration {unknown}


   Skills:
 * Level 4.1 Fighting
 * Level 3.1 Axes
 + Level 3.3 Armour
 - Level 3.0 Shields


You had 4 spell levels left.
You didn't know any spells.
Your spell library was empty.

Dungeon Overview and Level Annotations

Branches:
Dungeon (4/15)             Temple (1/1) D:4

Altars:
Ashenzari
Dithmenos
Fedhas
Gozag
Hepliaklqana
Makhleb
Nemelex Xobeh
Okawaru
Ru
Sif Muna
Trog
Wu Jian
Yredelemnul

Shops:
D:2 ?


Innate Abilities, Weirdness & Mutations

You are partially covered in icy blue scales. (AC +2)
You may rarely emit foul miasma when damaged in melee.
A meltable shield of frost defends you. (SH +0)


Message History

The gnoll shouts!
You block the gnoll's attack.
There are monsters nearby!
There are monsters nearby!
You closely miss the gnoll. You block the gnoll's attack.
The goblin closely misses you.
The gnoll hits you from afar with a +0 spear.
The gnoll hits you with a +0 flail!
There are monsters nearby!
You hit the gnoll but do no damage. You hit the goblin.
The goblin barely misses you. The gnoll hits you but does no damage.
There are monsters nearby!
You slash the goblin!
You kill the goblin!
Makhleb accepts your kill.
You hit the gnoll. You barely miss the gnoll.
The gnoll hits you but does no damage.
The gnoll hits you from afar with a +0 spear.
The gnoll hits you with a +0 flail.
You have reached level 5!
Your demonic ancestry asserts itself...
Frost condenses into a shield before you.
There are monsters nearby!
The gnoll attacks as you move away! The gnoll hits you but does no damage.
The gnoll attacks as you move away! The gnoll hits you but does no damage.
The gnoll attacks as you move away! The gnoll barely misses you.
The gnoll attacks as you move away! The gnoll barely misses you.
The gnoll zaps a wand.
The puff of flame hits you.
Your condensation shield dissipates!
The gnoll attacks as you move away! The gnoll hits you with a +0 flail!
* * * LOW HITPOINT WARNING * * *
The gnoll zaps a wand.
The puff of flame hits you but does no damage.
The gnoll throws a stone.
The stone closely misses you. The gnoll closely misses you.
The gnoll hits you but does no damage.
The gnoll throws a stone.
The stone barely misses you.
You closely miss the gnoll. The gnoll hits you with a +0 flail!
* * * LOW HITPOINT WARNING * * *
The gnoll hits you with a +0 flail.
You die...

#'#..)...............
......................
......................
#.......?.............
#.....................
#...........g........)
########....gg........
#....#g#.......
#....#@###.....
#...##...###...
#...#..#...###.
#..##.####...####
#..#..#..###.. ..### #
##.##....##.##...###
#..#..⌠..#..#..#...##
##.##....##.##.####...
#...###.....#..#..###.


You could see 4 gnolls.

Vanquished Creatures
  A hound (D:4)
  4 adders
  2 dart slugs
  3 orcs (D:3)
  5 ball pythons
  8 endoplasms
  3 giant cockroaches
  3 hobgoblins
  6 jackals (D:2)
  A quokka (D:1)
  2 bats
  8 goblins
  7 kobolds
  12 rats
65 creatures vanquished.

Notes
Turn   | Place    | Note
-------+----------+-------------------------------------------
     0 | D:1      | BritishOli the Demonspawn Fighter began the quest for the
                  | Orb.
     0 | D:1      | Reached XP level 1. HP: 18/18 MP: 1/1
    94 | D:1      | Gained mutation: You may rarely emit foul miasma when
                  | damaged in melee. [demonic ancestry]
    94 | D:1      | Reached XP level 2. HP: 24/24 MP: 2/2
   581 | D:2      | Reached XP level 3. HP: 25/29 MP: 3/3
   725 | D:2      | Identified the +0 robe of the Shining Light {Int+4
                  | Archmagi}
   927 | D:2      | Found Elidgheru's Magic Scroll Shoppe.
   938 | D:2      | Bought a scroll of teleportation for 33 gold pieces
   983 | D:2      | Gained mutation: You are partially covered in icy blue
                  | scales. (AC +2) [demonic ancestry]
   983 | D:2      | Reached XP level 4. HP: 31/37 MP: 4/4
  1871 | D:4      | Found a staircase to the Ecumenical Temple.
  1906 | D:4      | Reached skill level 4 in Fighting
  1917 | Temple   | Entered the Ecumenical Temple
  1926 | Temple   | Became a worshipper of Makhleb the Destroyer
  2112 | D:4      | Found a broken altar of Ashenzari.
  2120 | D:4      | Gained mutation: A meltable shield of frost defends you.
                  | (SH +0) [demonic ancestry]
  2120 | D:4      | Reached XP level 5. HP: 23/42 MP: 5/5
  2128 | D:4      | Slain by a gnoll

Illustrated notes

Levels and vault maps discovered:
D:1:      onia_arrival_mini_maze, layout_rooms, serial_bayou_pond_d
D:2:      layout_basic, serial_shops, shop, minivault_23, chequers_jeans,
          chequers_serial_rivers_room_b
D:3:      layout_basic, minmay_quadrilaterals
D:4:      minmay_skewed_foursquare, layout_gridville, kennysheep_mini_moat,
          minmay_temple_entry_tees, dk_rats_in_the_wall
Temple:   eino_temple_lava

Skill      XL: |  1  2  3  4 |
---------------+-------------+-----
Axes           | 2 3 |  3.1
Shields        | 3 |  3.0
Armour         | 3 |  3.3
Fighting       | 4 |  4.1

Action                     |  1- 3 |  4- 6 || total
---------------------------+-------+-------++-------
  Melee: War axe           |    93 |    72 ||   165
 Armour: Scale mail        |    52 |    36 ||    88
  Dodge: Dodged            |    51 |    32 ||    83
  Block: Buckler           |    27 |    23 ||    50

Table legend: (Time is in decaauts)
 A = Elapsed time spent in this place.
 B = Non-inter-level travel time spent in this place.
 C = Inter-level travel time spent in this place.
 D = Time resting spent in this place.
 E = Time spent auto-exploring this place.
 F = Levels seen in this place.
 G = Mean time per level.
                   A        B        C        D        E       F      G
               +--------+--------+--------+--------+--------+-----+--------+
         Total |   2197 |   2090 |    107 |      0 |   1620 |   5 |  439.4 |
       Dungeon |   2178 |   2088 |     90 |      0 |   1620 |   4 |  544.5 |
        Temple |     18 |      1 |     17 |      0 |      0 |   1 |   18.0 |
               +--------+--------+--------+--------+--------+-----+--------+

Top non-repeatable levels by time:
     D:2: 726 daAuts
     D:3: 616 daAuts
     D:1: 589 daAuts
     D:4: 245 daAuts
  Temple: 18 daAuts
